 Dungeon Crawl Stone Soup version 0.30-a0-170-g85af917532 (webtiles) character file.

Game seed: 2779545082990080922

382 qw the Chopper (level 6, 0/38 HPs)
             Began as a Gargoyle Fighter on Sept 30, 2022.
             Killed from afar by a steam dragon (6 damage)
             ... with a ball of steam
             ... on level 5 of the Dungeon.
             The game lasted 00:01:27 (3879 turns).

qw the Chopper (Gargoyle Fighter)                   Turns: 3879, Time: 00:01:27

Health: 0/38       AC: 13    Str: 22      XL:     6   Next: 76%
Magic:  6/6        EV:  9    Int:  5 (8)  God:
Gold:   248        SH:  5    Dex: 15      Spells: 5/5 levels left

rFire   . . .      SeeInvis .    Y - +0 war axe
rCold   . . .      Faith    .    c - +0 buckler
rNeg    + . .      Spirit   .    b - +0 scale mail
rPois   inf        Reflect  .    r - +0 helmet
rElec   +          Harm     .    (no cloak)
rCorr   .          Rampage  .    (no gloves)
Will    .....                    f - +0 pair of boots
Stlth   ..........               (no amulet)
HPRegen 0.12/turn                g - +6 ring of dexterity
MPRegen 0.10/turn                (no ring)

@: no status effects
A: sickness immunity, AC +4, negative energy resistance 1, electricity
resistance, torment resistance 1, petrification resistance
a: no special abilities


You were on level 5 of the Dungeon.
You visited 2 branches of the dungeon, and saw 6 of its levels.

You collected 248 gold pieces.


Innate Abilities, Weirdness & Mutations

You are immune to sickness and miasma.
Your stone body is resilient. (AC +4)
You are immune to poison.
You resist negative energy. (rN+)
You are resistant to electric shocks. (rElec)
You are resistant to unholy torment.
You are immune to petrification.


   Skills:
 - Level 4.1 Fighting
 + Level 5.6 Axes
 - Level 1.1 Throwing
 - Level 3.2 Armour
 - Level 1.1 Dodging
 - Level 3.2 Shields


You had 5 spell levels left.
You didn't know any spells.
Your spell library was empty.

Inventory:

Hand Weapons
 h - a +0 flail
 Y - a +0 war axe (weapon)
Missiles
 k - a boomerang
 o - 4 javelins (quivered)
Armour
 b - a +0 scale mail (worn)
 c - a +0 buckler (worn)
 f - a +0 pair of boots (worn)
 r - a +0 helmet (worn)
Jewellery
 g - a +6 ring of dexterity (left hand)
Scrolls
 a - a scroll of teleportation
 j - a scroll of identify
Potions
 d - a potion of might
 e - a potion of attraction
 i - a potion of heal wounds
 l - a potion of brilliance {unknown}
 m - 2 potions of curing
 n - a potion of haste {unknown}
 p - a potion of lignification

Dungeon Overview and Level Annotations

Branches:
Dungeon (5/15)             Temple (1/1) D:4

Altars:
Ashenzari
Cheibriados
Dithmenos
Elyvilon
Kikubaaqudgha
Makhleb
Nemelex Xobeh
Qazlal
Ru
Sif Muna
Uskayaw
Vehumet
Wu Jian
Xom
Yredelemnul
Zin
The Shining One


Message History

You block the steam dragon's attack. x2
You barely miss the steam dragon. You block the steam dragon's attack.
The steam dragon claws you but does no damage.
You slash the steam dragon!
The steam dragon is heavily wounded.
The steam dragon barely misses you. The steam dragon claws you.
You barely miss the steam dragon.
The steam dragon is heavily wounded.
The steam dragon bites you but does no damage.
The steam dragon claws you but does no damage.
You hit the steam dragon but do no damage.
The steam dragon is heavily wounded.
The steam dragon breathes steam at you. The ball of steam hits you.
The steam dragon bites you but does no damage.
The steam dragon claws you but does no damage.
You hit the steam dragon.
The steam dragon is heavily wounded.
You are engulfed in a cloud of scalding steam.
You block the steam dragon's attack.
The steam dragon claws you but does no damage.
You hit the steam dragon but do no damage.
The steam dragon is heavily wounded.
You are engulfed in a cloud of scalding steam.
The steam dragon bites you. You block the steam dragon's attack.
An adder comes into view.
A bullfrog skeleton comes into view.
You barely miss the steam dragon.
The steam dragon is heavily wounded.
You are engulfed in a cloud of scalding steam.
The adder hisses angrily.
You block the steam dragon's attack.
The steam dragon claws you but does no damage.
You hit the steam dragon.
The steam dragon is severely wounded.
You are engulfed in a cloud of scalding steam.
The steam dragon bites you! You block the steam dragon's attack.
The steam dragon breathes steam at you. The ball of steam hits you.
You die...

.# ##..##
...# ##..##
Dl.## ##.###
....####..#
#...(...##
##.....##
#.....#
##D....#
##@S....##
#...##...##
#..#####...#
#..# ##..#
#Z## #..# #.
#..# #. #..#
#. #..# #.
#..#


You could see a steam dragon (catching breath), an adder and a bullfrog
skeleton.

Vanquished Creatures
  A scorpion (D:4)
  A necrophage (D:4)
  A hound (D:4)
  An iguana (D:5)
  An orc wizard (D:4)
  10 adders
  A dart slug (D:4)
  6 orcs
  4 ball pythons
  3 bats (D:2)
  10 endoplasms
  2 giant cockroaches
  10 goblins
  12 hobgoblins
  3 jackals (D:2)
  6 kobolds
  2 quokkas
  4 frilled lizards
  6 rats
84 creatures vanquished.

Vanquished Creatures (others)
  A withered plant (D:5)
1 creature vanquished.

Grand Total: 85 creatures vanquished

Notes
Turn   | Place    | Note
-------+----------+-------------------------------------------
     0 | D:1      | qw the Gargoyle Fighter began the quest for the Orb.
     0 | D:1      | Reached XP level 1. HP: 14/14 MP: 1/1
     0 | D:1      | 0 ||| qw: Version: 0.2-a-12-gaebbb33
     0 | D:1      | 0 ||| qw: Game counter: 1612
     0 | D:1      | 0 ||| qw: Always use a shield: true
     0 | D:1      | 0 ||| qw: God list: Okawaru
     0 | D:1      | 0 ||| qw: Allow faded altars: false
     0 | D:1      | 0 ||| qw: Do Orc after D:15 true
     0 | D:1      | 0 ||| qw: Do second Lair branch before Depths: true
     0 | D:1      | 0 ||| qw: Lair rune preference: random
     0 | D:1      | 0 ||| qw: Plans: Normal, Zot:1-4, God:TSO, Crypt, Tomb,
                  | Pan, Slime:5, Hells, Abyss, Orb
     0 | D:1      | 0 ||| PLANNING D:1-11
    13 | D:1      | Found a faded altar of an unknown god.
    28 | D:1      | Reached skill level 2 in Axes
   187 | D:1      | Reached XP level 2. HP: 19/19 MP: 2/2
   827 | D:1      | 827 ||| READING scroll labelled COL SE GISIEPS.
   871 | D:2      | Reached skill level 3 in Axes
   906 | D:2      | Reached XP level 3. HP: 22/23 MP: 3/3
  1193 | D:2      | Reached XP level 4. HP: 22/28 MP: 4/4
  1477 | D:2      | 1477 ||| Stepping ~*~*~tactically~*~*~ (stealth).
  1486 | D:2      | Reached skill level 4 in Axes
  1770 | D:2      | 1770 ||| READING 2 scrolls labelled COUZUE WOREKEU.
  1775 | D:2      | 1775 ||| READING scroll labelled NERASM JIALA.
  1776 | D:2      | 1776 ||| DRINKING 2 clear potions.
  1777 | D:2      | 1777 ||| DRINKING 2 silvery potions.
  1778 | D:2      | 1778 ||| DROPPING potion of invisibility.
  1900 | D:3      | 1900 ||| Stepping ~*~*~tactically~*~*~ (stealth).
  1909 | D:3      | Found a glowing silver altar of Zin.
  1911 | D:3      | 1911 ||| Stepping ~*~*~tactically~*~*~ (stealth).
  1917 | D:3      | 1917 ||| Stepping ~*~*~tactically~*~*~ (stealth).
  1926 | D:3      | 1926 ||| Stepping ~*~*~tactically~*~*~ (stealth).
  2028 | D:3      | Found a white marble altar of Elyvilon.
  2092 | D:3      | 2092 ||| FLEEEEING.
  2093 | D:3      | 2093 ||| FLEEEEING.
  2094 | D:3      | 2094 ||| FLEEEEING.
  2095 | D:3      | 2095 ||| FLEEEEING.
  2096 | D:3      | 2096 ||| FLEEEEING.
  2097 | D:3      | 2097 ||| FLEEEEING.
  2098 | D:3      | 2098 ||| FLEEEEING.
  2100 | D:3      | 2100 ||| FLEEEEING.
  2101 | D:3      | 2101 ||| FLEEEEING.
  2102 | D:3      | 2102 ||| FLEEEEING.
  2104 | D:3      | 2104 ||| FLEEEEING.
  2105 | D:3      | 2105 ||| FLEEEEING.
  2278 | D:3      | 2278 ||| Stepping ~*~*~tactically~*~*~ (stealth).
  2279 | D:3      | 2279 ||| Stepping ~*~*~tactically~*~*~ (stealth).
  2289 | D:3      | Reached XP level 5. HP: 32/32 MP: 5/5
  2491 | D:3      | Reached skill level 1 in Throwing
  2511 | D:3      | 2511 ||| UPGRADING to +6 ring of dexterity.
  2512 | D:3      | 2512 ||| READING scroll labelled CAKLEO DAUDWU.
  2513 | D:3      | 2513 ||| DRINKING 2 emerald potions.
  2514 | D:3      | 2514 ||| DRINKING 2 pink potions.
  2515 | D:3      | 2515 ||| DROPPING potion of flight.
  2516 | D:3      | 2516 ||| DROPPING potion of degeneration.
  2603 | D:4      | 2603 ||| Stepping ~*~*~tactically~*~*~ (stealth).
  2605 | D:4      | 2605 ||| Stepping ~*~*~tactically~*~*~ (stealth).
  2615 | D:4      | 2615 ||| Stepping ~*~*~tactically~*~*~ (stealth).
  2622 | D:4      | 2622 ||| DROPPING +0 whip.
  2631 | D:4      | Found a stormy altar of Qazlal.
  2730 | D:4      | Found a staircase to the Ecumenical Temple.
  2731 | D:4      | 2731 ||| PLANNING TEMPLE
  2731 | D:4      | 2731 ||| READING scroll labelled SIBLUZ LAKKA.
  2732 | D:4      | 2732 ||| READING scroll labelled VONWARUFUO.
  2733 | D:4      | 2733 ||| READING scroll labelled FAMIMP ITADOK.
  2834 | D:4      | 2834 ||| DRINKING 2 cyan potions.
  2861 | D:4      | 2861 ||| READING 2 scrolls of identify.
  2861 | D:4      | 2861 ||| IDENTIFYING fizzy grey potion
  2869 | Temple   | Entered the Ecumenical Temple
  2938 | Temple   | 2938 ||| PLANNING D:1-11
  2980 | D:4      | Reached skill level 1 in Dodging
  3198 | D:4      | Reached skill level 5 in Axes
  3198 | D:4      | Reached XP level 6. HP: 34/37 MP: 6/6
  3387 | D:4      | 3387 ||| FLEEEEING.
  3388 | D:4      | 3388 ||| FLEEEEING.
  3391 | D:4      | 3391 ||| FLEEEEING.
  3392 | D:4      | 3392 ||| FLEEEEING.
  3393 | D:4      | 3393 ||| FLEEEEING.
  3394 | D:4      | 3394 ||| FLEEEEING.
  3395 | D:4      | 3395 ||| FLEEEEING.
  3397 | D:4      | 3397 ||| FLEEEEING.
  3398 | D:4      | 3398 ||| FLEEEEING.
  3399 | D:4      | 3399 ||| FLEEEEING.
  3400 | D:4      | 3400 ||| FLEEEEING.
  3401 | D:4      | 3401 ||| FLEEEEING.
  3402 | D:4      | 3402 ||| FLEEEEING.
  3403 | D:4      | 3403 ||| FLEEEEING.
  3404 | D:4      | 3404 ||| STAIRDANCE
  3446 | D:3      | 3446 ||| UPGRADING to +0 helmet.
  3451 | D:3      | 3451 ||| READING scroll labelled WIDUNEDAOMM.
  3452 | D:3      | 3452 ||| READING scroll labelled MENTEDUAM ZOOC.
  3453 | D:3      | 3453 ||| READING 2 scrolls labelled PAWONUFREA.
  3454 | D:3      | 3454 ||| DRINKING 2 fuming black potions.
  3455 | D:3      | 3455 ||| DROPPING scroll of magic mapping.
  3710 | D:4      | 3710 ||| UPGRADING to +0 pair of boots.
  3732 | D:5      | Entered Level 5 of the Dungeon
  3733 | D:5      | 3733 ||| PLANNING SEWER
  3735 | D:5      | 3735 ||| DRINKING potion of curing.
  3735 | D:5      | 3735 ||| (to cure confusion)
  3739 | D:5      | 3739 ||| FLEEEEING.
  3740 | D:5      | 3740 ||| FLEEEEING.
  3741 | D:5      | 3741 ||| STAIRDANCE
  3863 | D:5      | Noticed a steam dragon
  3864 | D:5      | 3864 ||| Stepping ~*~*~tactically~*~*~ (hiding).
  3865 | D:5      | 3865 ||| Stepping ~*~*~tactically~*~*~ (stealth).
  3866 | D:5      | 3866 ||| Stepping ~*~*~tactically~*~*~ (stealth).
  3868 | D:5      | 3868 ||| Stepping ~*~*~tactically~*~*~ (stealth).
  3879 | D:5      | HP: 6/38 [steam dragon (8)]
  3879 | D:5      | Killed from afar by a steam dragon

Levels and vault maps discovered:
D:1:      lemuel_arrival_rhombus, layout_basic,
          ebering_ecumenical_altar_abandoned
D:2:      layout_loops_ring
D:3:      layout_basic, mainiacjoe_overflow_chevrons, elyvilon_altar_4
D:4:      minmay_diamond_boxcup, layout_basic, old_standard_altar,
          minmay_temple_entry_offerings
D:5:      layout_layer_cave, okawaru_metal_pillars_1_2, serial_undead,
          serial_undead_e, serial_undead_c, serial_undead_f, serial_undead_c,
          serial_undead_b, cheibrodos_sewer_entry_bend,
          chequers_serial_rivers_small_3
Temple:   jpeg_temple_clearing

Skill      XL: |  1  2  3  4  5  6 |
---------------+-------------------+-----
Axes           | 2 3 4 5 |  5.6
Throwing       | 1 |  1.1
Dodging        | 1 |  1.1
Fighting       | 4 |  4.1
Armour         | |  3.2
Shields        | |  3.2

Action                   |  1- 3 |  4- 6 || total
-------------------------+-------+-------++-------
Melee: War axe           |    80 |   169 ||   249
Throw: Javelin           |       |    25 ||    25
  Use: Scroll            |     1 |    10 ||    11
       Potion            |       |     7 ||     7
Armor: Scale mail        |    48 |    97 ||   145
Dodge: Dodged            |    33 |    57 ||    90
Block: Buckler           |    17 |    33 ||    50

Table legend:
 A = Non-vault XP
 B = Vault XP
 C = Vault XP percentage of total XP
 D = Non-vault monster count
 E = Vault monster count
 F = Vault count percentage of total count
                 A         B        C        D         E       F
            +---------+---------+-------+---------+---------+-------
      Total |     404 |     143 |  26.1 |      76 |       8 |   9.5
            +---------+---------+-------+---------+---------+-------
        D:1 |      26 |       0 |   0.0 |      15 |       0 |   0.0
        D:2 |      92 |       0 |   0.0 |      21 |       0 |   0.0
        D:3 |      72 |       0 |   0.0 |      22 |       0 |   0.0
        D:4 |     171 |     143 |  45.5 |      15 |       8 |  34.8
        D:5 |      43 |       0 |   0.0 |       3 |       0 |   0.0
            +---------+---------+-------+---------+---------+-------
